 Dungeon Crawl Stone Soup version 0.28.0-1-gb440e238dd (webtiles) character file.

Game seed: 12232217446248252312

1453 hikkokomori the Geomancer (level 8, -5/41 HPs)
             Began as a Gargoyle Earth Elementalist on Feb 26, 2022.
             Killed by divine providence
             ... invoked by an orc priest
              (13 damage)
             ... on level 6 of the Dungeon.
             The game lasted 00:14:06 (5089 turns).

hikkokomori the Geomancer (GrEE)                    Turns: 5089, Time: 00:14:06

Health: -5/41      AC: 11    Str: 15    XL:     8   Next: 76%
Magic:  0/16       EV: 12    Int: 15    God:
Gold:   114        SH:  0    Dex: 10    Spells: 12/18 levels left

rFire   . . .      SeeInvis +   f - +0 war axe
rCold   . . .      Faith    .   (no shield)
rNeg    + . .      Spirit   +   b - +0 robe
rPois   ∞          Reflect  .   (no helmet)
rElec   +          Harm     .   (no cloak)
rCorr   .          Rampage  .   q - +0 pair of gloves
Will    .....                   e - +2 pair of boots {Stlth+}
Stlth   ++++......              c - amulet of guardian spirit
HPRegen 0.13/turn               u - ring of see invisible
MPRegen 0.15/turn               (no ring)

@: marked, studying Necromancy
A: sickness immunity, AC +5, negative energy resistance 1, electricity
resistance, torment resistance 1, petrification resistance
a: no special abilities


You were on level 6 of the Dungeon.
You visited 1 branch of the dungeon, and saw 6 of its levels.

You collected 114 gold pieces.

Inventory:

Hand Weapons
 f - a +0 war axe (weapon)
 g - a +0 club
Missiles
 k - 3 boomerangs of dispersal
 p - 71 stones
Armour
 a - a +0 scale mail
 b - a +0 robe (worn)
 e - a +2 pair of boots of stealth (worn)
 q - a +0 pair of gloves (worn)
Jewellery
 c - an amulet of guardian spirit (around neck)
 u - a ring of see invisible (left hand)
Scrolls
 n - 2 scrolls of teleportation {unknown}
 o - a scroll of vulnerability {unknown}
 r - a scroll of enchant armour {unknown}
 s - a scroll of magic mapping {unknown}
 v - a scroll of silence {unknown}
 w - a scroll of enchant weapon {unknown}
Potions
 d - 2 potions of heal wounds
 h - 2 potions of haste {unknown}
 i - a potion of degeneration
 j - 2 potions of resistance {unknown}
 l - a potion of flight
 m - 2 potions of might
 t - a potion of curing {unknown}


   Skills:
 - Level 1.6 Dodging
 + Level 7.5 Stealth
 + Level 5.8 Spellcasting
 - Level 0.9 Transmutations
 + Level 8.1 Earth Magic


You had 12 spell levels left.
You knew the following spells:

 Your Spells              Type           Power      Damage    Failure   Level
a - Sandblast             Erth           56%        2d13      1%          1
b - Passwall              Tmut/Erth      14%        N/A       3%          2
c - Stone Arrow           Conj/Erth      32%        3d9       9%          3

Your spell library contained the following spells:

 Spells                   Type           Power      Damage    Failure   Level
 Petrify                  Tmut/Erth      17%        N/A       24%         4


Dungeon Overview and Level Annotations

Branches:
Dungeon (6/15)             Temple (0/1) D:5

Altars:

Annotations:
D:6 3 runed translucent doors, b960's ghost, novice GrFE


Innate Abilities, Weirdness & Mutations

You are immune to sickness and miasma.
Your stone body is resilient. (AC +5)
You are immune to poison.
You resist negative energy. (rN+)
You are resistant to electric shocks. (rElec)
You are resistant to unholy torment.
You are immune to petrification.


Message History

B960's ghost screams, "Don't try to defend!
You have no chance!"
An orc warrior comes into view. It is wielding a +0 dire flail.
The hound bites you but does no damage.
Casting: Sandblast (safe; 1% risk of failure)
Confirm with . or Enter, or press ? or * to list all spells.
Aiming: Sandblast (safe; 1% risk of failure)
Press: ? - help, Shift-Dir - straight line, f/p - iguana
Aim: an iguana (severely wounded, 83% to hit)
The blast of sand hits the iguana.
The iguana is severely wounded.
The hound closely misses you.
An iguana comes into view.
The iguana barely misses you.
Casting: Sandblast (safe; 1% risk of failure)
Confirm with . or Enter, or press ? or * to list all spells.
Aiming: Sandblast (safe; 1% risk of failure)
Press: ? - help, Shift-Dir - straight line, f/p - iguana
Aim: an iguana (severely wounded, 83% to hit)
The blast of sand hits the iguana but does no damage.
The iguana is severely wounded.
The hound closely misses you.
An orc priest comes into view. It is wielding a +0 whip.
The iguana closely misses you. The hound closely misses you.
Casting: Sandblast (safe; 1% risk of failure)
Confirm with . or Enter, or press ? or * to list all spells.
Aiming: Sandblast (safe; 1% risk of failure)
Press: ? - help, Shift-Dir - straight line, f/p - iguana
Aim: an iguana (severely wounded, 83% to hit)
The blast of sand misses the iguana.
The hound bites you but does no damage. The iguana bites you!
B960's ghost boasts, "After taking care of you, I will research a spell that consumes the world."
The orc warrior hits you with a +0 dire flail!
* * * LOW HITPOINT WARNING * * *
The hound bites you but does no damage.
An orc wizard comes into view. It is wielding a +0 dagger.
A bullfrog skeleton comes into view.
The hound bites you but does no damage.
The orc priest invokes the aid of Beogh against you.
Beogh smites you!
You die...

####+####+###.
#.............
#..@..........
#..oh.........
#...l..l......
##..o..........
#.....†........
######.....o######+#
#...........Z.....
#.................
#..###+++###......


You could see an orc warrior, 2 iguanas, a hound, an orc priest, an orc wizard
and a bullfrog skeleton.

Vanquished Creatures
  2 black bears
  A necrophage (D:5)
  2 sky beasts
  3 ogres (D:4)
  A centaur (D:6)
  A phantom (D:4)
  A bullfrog (D:6)
  A scorpion (D:4)
  A water moccasin zombie (D:5)
  A bullfrog zombie (D:5)
  A hound (D:2)
  2 jellies (D:5)
  A centaur skeleton (D:6)
  An orc priest (D:3)
  3 iguanas
  A howler monkey skeleton (D:4)
  7 adders
  An adder skeleton (D:5)
  3 worms
  3 dart slugs
  5 orcs
  2 endoplasms
  8 giant cockroaches
  4 goblins
  7 hobgoblins
  10 jackals
  7 kobolds
  6 quokkas
  5 ball pythons
  8 bats
  3 frilled lizards
  5 rats
107 creatures vanquished.

Vanquished Creatures (others)
  A fungus (D:1)
1 creature vanquished.

Grand Total: 108 creatures vanquished

Notes
Turn   | Place    | Note
-------+----------+-------------------------------------------
     0 | D:1      | hikkokomori the Gargoyle Earth Elementalist began the quest
                  | for the Orb.
     0 | D:1      | Reached XP level 1. HP: 10/10 MP: 3/3
   235 | D:1      | Reached XP level 2. HP: 10/15 MP: 5/5
   699 | D:1      | Reached skill level 4 in Earth Magic
  1199 | D:1      | Found a faded altar of an unknown god.
  1264 | D:1      | Reached XP level 3. HP: 19/19 MP: 6/6
  1984 | D:2      | You fall into a shaft and drop 2 floors!
  1984 | D:4      | Noticed an ogre
  1999 | D:5      | Entered Level 5 of the Dungeon
  2007 | D:5      | Noticed a scorpion
  2007 | D:5      | Noticed a sky beast
  2019 | D:4      | Noticed a black bear
  2037 | D:4      | Killed a scorpion
  2038 | D:4      | Reached XP level 4. HP: 10/24 MP: 2/8
  2041 | D:4      | Killed a sky beast
  2042 | D:4      | Reached skill level 5 in Earth Magic
  2042 | D:4      | Reached XP level 5. HP: 12/28 MP: 0/10
  2220 | D:4      | Killed a black bear
  2221 | D:4      | Reached XP level 6. HP: 25/32 MP: 5/11
  2303 | D:4      | Learned a level 2 spell: Passwall
  2307 | D:4      | Learned a level 3 spell: Stone Arrow
  2455 | D:4      | Reached skill level 5 in Stealth
  2544 | D:4      | Reached skill level 6 in Earth Magic
  2544 | D:4      | Reached XP level 7. HP: 34/36 MP: 5/13
  4266 | D:5      | Reached skill level 5 in Spellcasting
  4266 | D:5      | Reached skill level 7 in Earth Magic
  4266 | D:5      | Reached XP level 8. HP: 35/41 MP: 12/15
  4712 | D:5      | Found a staircase to the Ecumenical Temple.
  4756 | D:5      | Noticed a komodo dragon
  5039 | D:6      | Noticed b960's ghost (novice GrFE)
  5044 | D:6      | Found a runed translucent gate.
  5044 | D:6      | Found a runed translucent gate.
  5044 | D:6      | Found a runed translucent gate.
  5047 | D:6      | Noticed a boulder beetle
  5080 | D:6      | Reached skill level 8 in Earth Magic
  5089 | D:6      | Killed from afar by an orc priest

Illustrated notes

Levels and vault maps discovered:
D:1:      dpeg_arrival_pond, layout_basic, shapermc_ecumenical_altar_hornbeckon
D:2:      layout_basic
D:3:      layout_rooms
D:4:      layout_cave_pools
D:5:      layout_rooms, minmay_temple_entry_glassed_door
D:6:      layout_gridville, gammafunk_ghost_split

Skill      XL: |  1  2  3  4  5  6  7  8 |
---------------+-------------------------+-----
Earth Magic    | 4 5 6 7 8 |  8.1
Stealth        | 3 4 5 6 7 |  7.5
Spellcasting   | 3 4 5 |  5.8
Dodging        | |  1.6
Transmutations | |  0.9

Action                   |  1- 3 |  4- 6 |  7- 9 || total
-------------------------+-------+-------+-------++-------
Melee: Unarmed           |    44 |       |       ||    44
       Punch             |     2 |       |     1 ||     3
       Club              |    86 |     4 |       ||    90
       War axe           |       |       |   202 ||   202
 Cast: Sandblast         |    28 |    27 |    51 ||   106
       Stone Arrow       |       |     1 |     9 ||    10
  Use: Scroll            |     2 |       |     3 ||     5
       Potion            |     1 |       |       ||     1
 Stab: Sleeping          |     2 |       |     9 ||    11
       Distracted        |       |       |     1 ||     1
Armor: Robe              |    72 |     9 |   157 ||   238
Dodge: Dodged            |   137 |     8 |   208 ||   353
